 Dungeon Crawl Stone Soup version 0.30-a0-748-ge6a52f7cba (webtiles) character file.

Game seed: 15912185688822788870

58 Esekla the Sneak (level 4, 24/31 HPs)
             Began as an Octopode Delver on Feb 8, 2023.
             Quit the game on level 5 of the Dungeon.
             The game lasted 00:03:53 (416 turns).

Esekla the Sneak (Octopode Delver)                   Turns: 416, Time: 00:03:54

Health: 24/31      AC:  1    Str: 11    XL:     4   Next: 1%
Magic:  5/5        EV: 13    Int: 14    God:
Gold:   11         SH:  0    Dex: 13    Spells: 4/4 levels left

rFire   . . .      SeeInvis .    a - +0 falchion
rCold   . . .      Faith    .    (no shield)
rNeg    . . .      Spirit   .    (helmet restricted)
rPois   .          Reflect  .    (no amulet)
rElec   .          Harm     .    (no ring)
rCorr   .          Rampage  .    (no ring)
Will    .....                    (no ring)
Stlth   +++++                    (no ring)
HPRegen 0.25/turn                (no ring)
MPRegen 0.09/turn                (no ring)
                                 (no ring)
                                 (no ring)

@: hasted (expiring), very quick
A: almost no armour, amphibious, 8 rings, camouflage 1, gelatinous body 1,
(nimble swimmer 1), tentacles
a: no special abilities


You were on level 5 of the Dungeon.
You visited 2 branches of the dungeon, and saw 2 of its levels.

You collected 11 gold pieces.

Inventory:

Hand Weapons
 a - a +0 falchion (weapon)
Wands
 f - a wand of digging (2)
Scrolls
 b - a scroll of fog
 c - a scroll of vulnerability {unknown}
 d - a scroll of identify {unknown}
 e - 3 scrolls of noise {unknown}


   Skills:
 * Level 3.3 Fighting
 * Level 2.3 Long Blades
 * Level 2.3 Dodging
 + Level 7.5 Stealth
 * Level 0.8 Spellcasting


You had 4 spell levels left.
You didn't know any spells.
Your spell library was empty.

Dungeon Overview and Level Annotations

Branches:
Dungeon (5/15)             Temple (1/1) D:5

Altars:
Ashenzari
Cheibriados
Elyvilon
Fedhas
Hepliaklqana
Kikubaaqudgha
Makhleb
Nemelex Xobeh
Sif Muna
Uskayaw
Vehumet
Wu Jian
Yredelemnul
The Shining One

Shops:
D:5 ?

Annotations:
D:5 Edmund, Sigmund


Innate Abilities, Weirdness & Mutations

You cannot wear most types of armour.
You are amphibious.
You can wear up to eight rings at the same time.
Your skin changes colour to match your surroundings (Stealth+).
Your rubbery body absorbs attacks. (AC +1, EV +1)
((You are camouflaged when in or above water. (Stealth+)))
You have tentacles for arms and can constrict up to eight enemies at once.


Message History

Found a shimmering blue altar of Sif Muna.
Done exploring.
Search for what [? for help]?
Gozag Can't find anything matching that.
There is a staircase back to the Dungeon here.
You feel yourself speed up.
You climb upwards.
Level annotation: Sigmund The ice beast closely misses you.
There is a staircase to the Ecumenical Temple here.
A necrophage comes into view.
Edmund the Younger comes into view.
He is wielding a +0 heavy dire flail.
An ufetubus comes into view.
The ufetubus shouts!
Found 2 scrolls labelled FYCOFO BYLEG.
Found Yfrat's Magic Scroll Emporium.
Found a scroll labelled FYCOFO BYLEG.
A hound comes into view.
Found a scroll of fear and a bubbling dark potion.
You see here a scroll labelled FYCOFO BYLEG.
e - a scroll labelled FYCOFO BYLEG Edmund shouts!
You see here a scroll labelled FYCOFO BYLEG.
e - 2 scrolls labelled FYCOFO BYLEG (gained 1)
There is an entrance to Yfrat's Magic Scroll Emporium here.
You can access your shopping list by pressing '$'.
You see here a scroll labelled FYCOFO BYLEG.
e - 3 scrolls labelled FYCOFO BYLEG (gained 1)
You closely miss the ufetubus. Your grab misses the ufetubus.
Your extra speed is starting to run out.
The ufetubus closely misses you. x2
You hit the ufetubus. Your grab misses the ufetubus.
Your squeeze misses the ufetubus.
The ufetubus is lightly wounded.
The ufetubus barely misses you. The ufetubus closely misses you.
You hit the ufetubus but do no damage. Your grab misses the ufetubus.
The ufetubus is lightly wounded.
The ufetubus hits you. x2
Edmund says, "I might not be good at magic, but I can still kill you!"
Are you sure you want to abandon this character and quit the game? (Confirm with "yes".)

#............#...,,,,,,<,
#..Y##......##**,,,,,,,,, ***
#...........###*...,,,,,,
**,**##..........#.#....,,,,,,
*,,,*...................,,,,,,
**,,,,...................,,,,,,
*,,,,,...................,,,,,,
***,,,.......@5..........,***,*
****......#.@.......h..,*****
*#...####...........,,* * #..**
#...........****** ##**
#.....?.!...***,,,
#..........,,,,,,,
##.##.....,,,,,,**
*##*##..,****,,** *#.** ****
***


You could see Edmund, an ice beast and an ufetubus.

Vanquished Creatures
  A scorpion (D:5)
1 creature vanquished.

Notes
Turn   | Place    | Note
-------+----------+-------------------------------------------
     0 | D:5      | Esekla the Octopode Delver began the quest for the Orb.
     0 | D:5      | Reached XP level 1. HP: 16/16 MP: 1/1
     2 | D:5      | Found a glowing golden altar of the Shining One.
     9 | D:5      | Noticed Sigmund
   249 | D:5      | Noticed a scorpion
   249 | D:5      | Noticed a wyvern
   255 | D:5      | Killed a scorpion
   256 | D:5      | Reached skill level 7 in Stealth
   256 | D:5      | Reached XP level 2. HP: 21/21 MP: 1/3
   256 | D:5      | Reached XP level 3. HP: 26/26 MP: 1/4
   256 | D:5      | Reached XP level 4. HP: 31/31 MP: 1/5
   280 | D:5      | Noticed an ice beast
   297 | D:5      | Noticed a black bear
   302 | D:5      | Found a staircase to the Ecumenical Temple.
   311 | Temple   | Entered the Ecumenical Temple
   384 | D:5      | Noticed a necrophage
   390 | D:5      | Noticed Edmund
   399 | D:5      | Found Yfrat's Magic Scroll Emporium.
   416 | D:5      | Quit the game

Illustrated notes

Levels and vault maps discovered:
D:5:      layout_cave_pools, nicolae_overflow_hidden_temple,
          minmay_temple_entry_wispy, serial_shops, shop_scrolls, uniq_edmund,
          uniq_sigmund
Temple:   cyrus_circular_temple

Skill      XL: |  1 |
---------------+----+-----
Stealth        | 7 |  7.5
Fighting       | |  3.3
Long Blades    | |  2.3
Dodging        | |  2.3
Spellcasting   | |  0.8

Action                     |  1- 3 |  4- 6 || total
---------------------------+-------+-------++-------
  Melee: Falchion          |     5 |     3 ||     8
         Tentacles         |     3 |       ||     3
         Constrict         |     1 |       ||     1
  Evoke: Wand              |     1 |       ||     1
    Use: Scroll            |     1 |     1 ||     2
         Potion            |       |     1 ||     1
 Armour: Skin              |     1 |       ||     1
  Dodge: Dodged            |     5 |     5 ||    10

Table legend: (Time is in decaauts)
 A = Elapsed time spent in this place.
 B = Non-inter-level travel time spent in this place.
 C = Inter-level travel time spent in this place.
 D = Time resting spent in this place.
 E = Time spent auto-exploring this place.
 F = Levels seen in this place.
 G = Mean time per level.
                   A        B        C        D        E       F      G
               +--------+--------+--------+--------+--------+-----+--------+
         Total |    405 |    405 |      0 |    200 |     34 |   2 |  202.5 |
       Dungeon |    336 |    336 |      0 |    200 |      0 |   1 |  336.0 |
        Temple |     69 |     69 |      0 |      0 |     34 |   1 |   69.0 |
               +--------+--------+--------+--------+--------+-----+--------+

Top non-repeatable levels by time:
     D:5: 336 daAuts
  Temple: 69 daAuts
